AoeStats
← Haathum

Arena

506519485Analyzed
1v1 RM · 18d ago on Sep 13, 2026· 41m 41s· 2 players
Game mode
Random Map
Map size
Tiny (2 player)
Population
200
Speed
Normal
Resources
Standard
Victory
Conquest
Starting age
Dark Age
Ending age
Imperial Age
RankedLock teamsTeams togetherTeam positionsShared explorationLock speedFull tech treeHidden civsTurbo modeCheats
Victory
Defeat
🇨🇭 Burgundians · Switzerland
1283
+16
🇦🇷 Burgundians · Argentina
1277
-16
Ivila
7:24 Double-Bit Axe
8:02 Horse Collar
11:44 Feudal Age
15:45 Castle Age
14:43 Bow Saw
15:15 Heavy Plow
18:00 Loom
20:08 Fletching
22:32 Wheelbarrow
24:07 Hand Cart
26:53 Two-Man Saw
30:39 Imperial Age
28:15 Scale Mail Armor
28:27 Forging
28:14 Gold Mining
28:23 Pikeman
30:05 Chain Mail Armor
30:26 Iron Casting
29:47 Bodkin Arrow
30:44 Gold Shaft Mining
31:17 Iron Casting
31:27 Halberdier
34:15 Blast Furnace
33:45 Plate Mail Armor
34:41 Plate Mail Armor
35:32 Chemistry
35:28 Arson
40:16 Bracer
Haathum
3:49 Double-Bit Axe
7:40 Horse Collar
11:24 Feudal Age
13:43 Bow Saw
13:55 Heavy Plow
16:18 Castle Age
16:21 Light Cavalry
18:29 Loom
21:09 Wheelbarrow
23:18 Husbandry
22:38 Cavalier
24:12 Hand Cart
24:49 Scale Barding Armor
24:55 Forging
27:36 Imperial Age
25:39 Hand Cart
25:11 Loom
25:56 Town Watch
26:43 Scale Barding Armor
26:49 Forging
28:34 Chain Barding Armor
29:42 Chemistry
29:36 Paladin
30:11 Stone Mining
30:18 Gold Mining
32:38 Plate Barding Armor
32:45 Town Patrol
33:48 Burgundian Vineyards
34:03 Conscription
37:02 Fletching
37:13 Padded Archer Armor
38:18 Burgundian Vineyards
38:34 Conscription
Connection lost

Rejoining the realm…

Still unreachable

The connection could not be restored.

Session expired

The server has moved on; the page needs a fresh start.